Map: Cactus Valley LE (Void)

Players

SortOf - Winner!

  • Race: Zerg Zerg
  • Spawn Location: 7:00

Snute

  • Race: Zerg Zerg
  • Spawn Location: 5:00

Event: WCS Austin 2017

VOD

Have the link to the VOD?

Description

Time

  • Played on: April 28, 2017, 8:12 p.m.
  • Length: 7:31

All games in this series

Show
View Real Time Build Order
Export as new Build Order

SortOf Zerg - Winner!

Build Orders: Pool First 

Get SALT Encoding   

  12  0:00  Drone  
  13  0:14  Extractor  
  12  0:24  Spawning Pool  
  12  0:28  Drone  
  12  0:33  Drone  
  13  0:38  Drone  
  14  0:49  Overlord  
  14  1:11  Zergling x6  
  14  1:17  Metabolic Boost  
  17  1:22  Zergling x2  
  18  1:33  Zergling x2  
  18  1:39  Baneling Nest  
  18  1:48  Zergling x2  
  18  1:49  Queen  
  21  1:55  Drone  
  22  2:05  Overlord  
  22  2:23  Baneling x2  
  22  2:25  Drone  
  22  2:27  Zergling x2  
  24  2:40  Zergling x2  
  25  2:52  Drone  
  25  2:54  Hatchery  
  25  2:58  Baneling  
  25  2:59  Drone  
  26  3:11  Queen  
  27  3:20  Baneling x3  
  27  3:27  Zergling x6  
  29  3:37  Drone x2  
  29  3:48  Overlord  
  29  4:09  Overlord  
  29  4:23  Drone  
  28  4:24  Drone x2  
  28  4:27  Drone  
  27  4:35  Drone  
  27  4:39  Zergling x6  
  27  4:43  Drone x4  
  34  4:48  Roach Warren  
  34  4:51  Drone x2  
  35  5:00  Baneling x2  
  35  5:10  Overlord  
  35  5:24  Overlord  
  35  5:28  Roach x8  
  50  5:35  Roach x2  
  54  5:41  Zergling x6  
  57  5:46  Zergling x2  
  58  5:51  Zergling x2  
  60  5:57  Zergling x2  
  60  6:04  Zergling x8  
  63  6:08  Zergling x4  
  63  6:09  Zergling x2  
  63  6:10  Baneling x2  
  63  6:11  Baneling x4  
  67  6:15  Zergling x2  
  65  6:28  Zergling x2  
  65  6:31  Zergling x4  
  68  6:33  Overlord  
  63  6:41  Drone, Zergling x2  
  63  6:42  Zergling x6  
  63  6:46  Zergling x2  
  65  6:53  Zergling x2  
  65  6:54  Zergling x2  
  63  7:00  Zergling x4  
  65  7:01  Ravager  
  65  7:04  Zergling x2  
  63  7:09  Baneling x2  
  63  7:12  Zergling x2  
Show
View Real Time Build Order
Export as new Build Order

Snute Zerg 

Build Orders: Pool First, Zergling Baneling 

Get SALT Encoding   

  12  0:00  Drone  
  13  0:14  Extractor  
  12  0:23  Spawning Pool  
  12  0:28  Drone  
  12  0:33  Drone  
  13  0:37  Drone  
  14  0:49  Overlord  
  14  1:10  Zergling x4  
  14  1:11  Zergling x2  
  17  1:14  Metabolic Boost  
  17  1:22  Zergling x2  
  18  1:33  Zergling x2  
  18  1:35  Baneling Nest  
  18  1:43  Zergling x2  
  19  1:51  Queen  
  21  1:58  Overlord  
  21  2:18  Baneling  
  21  2:19  Baneling  
  21  2:22  Drone  
  22  2:28  Queen  
  24  2:36  Zergling x4  
  26  2:42  Drone  
  27  2:44  Baneling x2  
  27  2:51  Drone  
  27  2:56  Baneling  
  28  2:58  Drone  
  28  2:59  Drone  
  28  3:01  Drone  
  29  3:11  Baneling  
  28  3:28  Hatchery  
  28  3:29  Baneling  
  26  3:38  Drone x2  
  28  3:41  Drone  
  28  3:45  Drone  
  30  3:51  Overlord  
  29  3:55  Extractor  
  29  3:57  Drone  
  29  4:01  Overlord  
  30  4:11  Drone  
  30  4:19  Drone  
  30  4:32  Drone  
  28  4:40  Zergling x4  
  30  4:49  Drone x3  
  30  4:51  Baneling  
  30  4:52  Zergling x4  
  35  5:02  Drone x2  
  37  5:11  Baneling x2  
  37  5:17  Drone x3  
  37  5:18  Drone x3  
  37  5:21  Drone x2  
  45  5:26  Evolution Chamber  
  46  5:28  Drone x2  
  46  5:31  Roach Warren  
  45  5:39  Overlord  
  45  5:44  Extractor  
  45  5:45  Drone x3  
  45  5:46  Overlord x2  
  47  5:50  Extractor  
  46  6:02  Spine Crawler  
  44  6:06  Spine Crawler  
  44  6:08  Spine Crawler  
  45  6:11  Roach x5  
  45  6:12  Roach  
  45  6:14  Roach x2  
  45  6:18  Roach x2  
  64  6:21  Roach  
  64  6:26  Roach  
  64  6:29  Roach x2  
  64  6:40  Roach x2  
  64  6:41  Zergling x6  
  54  6:48  Zergling x6  
  54  6:52  Queen  
  51  6:56  Zergling x2  
  49  7:02  Zergling x4  
  49  7:05  Zergling x2  
Tags
 
Add a new tag
Caveats
  • Supply blocks, unpowered buildings, or Contaminate may cause inaccurate times.
  • Supply counts are checked every 10 seconds.